 Dungeon Crawl Stone Soup version 0.28-a0-998-gb9e9c7b67e (webtiles) character file.

Game seed: 9635399862316932685

2181 rogsnak the Zephyrmancer (level 9, -20/47 HPs)
             Began as a Tengu Air Elementalist on Dec 5, 2021.
             Was a Follower of Sif Muna.
             Demolished by a boulder beetle (49 damage)
             ... on level 6 of the Dungeon.
             The game lasted 00:15:52 (7700 turns).

rogsnak the Zephyrmancer (Tengu Air Elementalist)   Turns: 7700, Time: 00:15:52

Health: -20/47     AC:  4    Str:  9    XL:     9   Next: 33%
Magic:  19/19      EV: 20    Int: 20    God:    Sif Muna [*.....]
Gold:   255        SH:  0    Dex: 14    Spells: 15/20 levels left

rFire   . . .      SeeInvis .   x - +2 whip (venom)
rCold   . . .      Faith    .   (no shield)
rNeg    . . .      Spirit   .   a - +0 robe
rPois   .          Reflect  .   (helmet restricted)
rElec   .          Harm     .   C - +0 cloak
rCorr   .          Rampage  .   c - +0 pair of gloves {hurl}
Will    .....                   (boots unavailable)
Stlth   ++........              j - amulet of regeneration
HPRegen 0.95/turn               d - +4 ring of evasion
MPRegen 0.16/turn               (no ring)

@: about to teleport, flying quickly and evasively, quick
A: beak, talons 3, nimble flight
a: Renounce Religion, Channel Magic


You were on level 6 of the Dungeon.
You worshipped Sif Muna.
Sif Muna was aware of your devotion.
You visited 2 branches of the dungeon, and saw 7 of its levels.

You collected 255 gold pieces.

Inventory:

Hand Weapons
 b - a +0 short sword
 e - a +0 dagger
 p - a +0 morningstar
 r - a +0 whip of freezing
 x - a +2 whip of venom (weapon)
Missiles
 h - 134 stones
 y - a curare-tipped dart
 A - 8 poisoned darts
Armour
 a - a +0 robe (worn)
 c - a +0 pair of gloves of hurling (worn)
 C - a +0 cloak (worn)
Jewellery
 d - a +4 ring of evasion (left hand)
 j - an amulet of regeneration (around neck)
Scrolls
 f - 5 scrolls of identify {unknown}
 g - a scroll of enchant armour {unknown}
 i - a scroll of magic mapping {unknown}
 k - 2 scrolls of teleportation
 l - 2 scrolls of enchant weapon {unknown}
 s - 2 scrolls of fog {unknown}
 t - a scroll of noise {unknown}
 w - a scroll of fear {unknown}
Potions
 m - a potion of brilliance
 n - a potion of ambrosia {unknown}
 o - 2 potions of heal wounds
 q - a potion of might {unknown}
 u - a potion of lignification {unknown}
 v - a potion of resistance {unknown}
 z - a potion of magic {unknown}
 B - a potion of flight {unknown}


   Skills:
 + Level 1.2 Fighting
 + Level 4.2 Dodging
 - Level 2.0 Stealth
 + Level 6.0 Spellcasting
 * Level 8.6 Conjurations
 + Level 10.0 Air Magic


You had 15 spell levels left.
You knew the following spells:

 Your Spells              Type           Power      Damage    Failure   Level
a - Shock                 Conj/Air       100%       1d9       1%          1
b - Airstrike             Air            23%        N/A       1%          4

Your spell library contained the following spells:

 Spells                   Type           Power      Damage    Failure   Level
 Static Discharge         Conj/Air       43%        N/A       1%          2
 Swiftness                Air            46%        N/A       1%          3
 Animate Skeleton         Necr           12%        N/A       11%         1
 Pain                     Necr           24%        1d5       11%         1
 Slow                     Hex            24%        N/A       11%         1
 Call Canine Familiar     Summ           6%         N/A       30%         3
 Confusing Touch          Hex            6%         N/A       30%         3
 Portal Projectile        Hex/Tloc       12%        N/A       30%         3
 Vampiric Draining        Necr           6%         2d6       30%         3
 Leda's Liquefaction      Hex/Erth       3%         N/A       71%         4


Dungeon Overview and Level Annotations

Branches:
Dungeon (6/15)             Temple (1/1) D:4

Altars:
Ashenzari
Cheibriados
Dithmenos
Elyvilon
Fedhas
Gozag
Hepliaklqana
Nemelex Xobeh
Okawaru
Qazlal
Ru
Sif Muna
Uskayaw
Vehumet
Wu Jian
Xom
Zin

Shops:
D:3 *(   D:5 *

Annotations:
D:2 Sigmund


Innate Abilities, Weirdness & Mutations

You have a beak for a mouth.
You have claws for feet.
Your magical nature lets you fly swiftly and evasively.


Message History

The zap hits Blork the orc.
Blork the orc is severely wounded.
Blork the orc points at you and mumbles some strange words.
The puff of frost misses you.
Casting: Shock (safe; 1% risk of failure)
Confirm with . or Enter, or press ? or * to list all spells.
Aiming: Airstrike (dangerous; 1% risk of failure)
Press: ? - help, Dir - move target, f/p - Blork the orc
Aim: Blork the orc, wielding a +0 war axe and wearing a +0 robe (severely wounded, empty space bonus: 2/8)
The air twists around and strikes Blork the orc!
Blork the orc is almost dead.
Unknown command.
Casting: Airstrike (dangerous; 1% risk of failure)
Confirm with . or Enter, or press ? or * to list all spells.
Aiming: Airstrike (dangerous; 1% risk of failure)
Press: ? - help, Dir - move target, f/p - Blork the orc
Aim: Blork the orc, wielding a +0 war axe and wearing a +0 robe (almost dead, empty space bonus: 2/8)
The air twists around and strikes Blork the orc!
You kill Blork the orc!
Sif Muna accepts your kill.
Your Spellcasting skill increases to level 6!
Your Air Magic skill increases to level 10!
Things that are here:
a +0 war axe; a +0 robe; the orc corpse of Blork the orc You start resting.
Magic restored.
You see here a +0 mace.
You aren't carrying any items that you can evoke.
The boulder beetle curls into a ball and begins rolling!
The boulder beetle hits you!!
Ouch! That really hurt!
The boulder beetle stops rolling and uncurls.
The boulder beetle curls into a ball and begins rolling!
Okay, then.
As you read the scroll of teleportation, it crumbles to dust.
You feel strangely unstable.
Unknown command.
The boulder beetle hits you!!!
Ouch! That really hurt!
You die...

#.......##...........#.#.#.....
#...###...........######.......
#...# #...........# #.......
#...# #...°.......######.......
#...# #....°...........#.#.....
#...# #.....°..###.....#.#.###.
#...####.....○.........).......
#.............B..............#.
#.............@..............).
#..............................
#.)........................)...
#..........#######.).......#...
#..........# #.........####
####.......# #.........#
#################.##....#
#.........####### #.#########


You could see a boulder beetle (rolling).

Vanquished Creatures
  Pikel (D:4)
  Grinder (D:6)
  A sky beast (D:5)
  A necrophage (D:5)
  An ogre (D:6)
  4 lemures (D:4)
  A phantom (D:5)
  A bullfrog (D:6)
  Blork the orc (D:6)
  A kobold brigand (D:6)
  4 scorpions
  A water moccasin zombie (D:5)
  A water moccasin skeleton (D:4)
  A bullfrog zombie (D:6)
  4 hounds
  2 jellies
  An orc priest (D:3)
  A bullfrog skeleton (D:6)
  Terence (D:2)
  Natasha (D:2)
  3 iguanas
  2 orc wizards
  A hound skeleton (D:5)
  8 adders
  An ufetubus (D:6)
  An adder skeleton (D:4)
  2 worms
  2 dart slugs
  9 orcs
  3 endoplasms
  2 giant cockroaches
  4 goblins
  5 hobgoblins
  8 jackals
  3 quokkas
  12 ball pythons
  5 bats
  3 frilled lizards
  11 kobolds
  5 rats
120 creatures vanquished.

Vanquished Creatures (others)
  38 plants (D:3)
38 creatures vanquished.

Grand Total: 158 creatures vanquished

Notes
Turn   | Place    | Note
-------+----------+-------------------------------------------
     0 | D:1      | rogsnak the Tengu Air Elementalist began the quest for the
                  | Orb.
     0 | D:1      | Reached XP level 1. HP: 10/10 MP: 4/4
   339 | D:1      | Reached XP level 2. HP: 15/15 MP: 4/6
  1139 | D:2      | Reached XP level 3. HP: 10/19 MP: 0/7
  1338 | D:2      | Reached skill level 5 in Air Magic
  1394 | D:2      | Noticed Sigmund
  1417 | D:2      | Noticed Terence
  1457 | D:2      | Killed Terence
  1800 | D:2      | Reached XP level 4. HP: 24/24 MP: 6/8
  1937 | D:2      | Noticed Natasha
  1947 | D:2      | Killed Natasha
  2443 | D:3      | Found Pewyeh's Assorted Antiques.
  2528 | D:3      | Gained mutation: Your magical nature lets you fly swiftly
                  | and evasively. [Tengu growth]
  2528 | D:3      | Reached XP level 5. HP: 28/28 MP: 4/10
  3000 | D:3      | Learned a level 4 spell: Airstrike
  3145 | D:3      | Found a faded altar of an unknown god.
  3350 | D:3      | Noticed an ogre
  3483 | D:3      | Found Akibb's Antique Weapon Shoppe.
  3700 | D:4      | Reached XP level 6. HP: 32/32 MP: 9/11
  3733 | D:4      | Reached skill level 5 in Conjurations
  3897 | D:4      | Found a staircase to the Ecumenical Temple.
  3898 | D:4      | Identified the +0 pair of boots of Genunay {Int+9 Stlth-}
  3907 | Temple   | Entered the Ecumenical Temple
  3911 | Temple   | Became a worshipper of Sif Muna the Loreminder
  3923 | Temple   | Reached skill level 6 in Air Magic
  4168 | D:4      | Noticed Pikel
  4277 | D:4      | Killed Pikel
  4278 | D:4      | Reached XP level 7. HP: 25/37 MP: 0/14
  4595 | D:4      | Reached XP level 8. HP: 42/42 MP: 11/15
  4672 | D:4      | Reached skill level 7 in Air Magic
  4713 | D:4      | Found a hide-covered altar of Uskayaw.
  4714 | D:4      | Found a blossoming altar of Fedhas.
  4774 | D:4      | Found a snail-covered altar of Cheibriados.
  4775 | D:4      | Found a shimmering altar of Xom.
  5113 | D:5      | Entered Level 5 of the Dungeon
  5304 | D:5      | Reached * piety under Sif Muna
  5305 | D:5      | Reached skill level 1 in Fighting
  5648 | D:5      | Reached skill level 5 in Spellcasting
  5704 | D:5      | Found Odom's Elemental Accessories.
  6209 | D:5      | Reached skill level 8 in Air Magic
  6664 | D:6      | Noticed Grinder
  6668 | D:6      | Killed Grinder
  6669 | D:6      | Reached XP level 9. HP: 47/47 MP: 5/18
  6915 | D:6      | Reached skill level 9 in Air Magic
  7373 | D:6      | Noticed a boulder beetle
  7421 | D:6      | Noticed Blork the orc
  7557 | D:6      | Killed Blork the orc
  7558 | D:6      | Reached skill level 10 in Air Magic
  7700 | D:6      | Demolished by a boulder beetle

Illustrated notes

Levels and vault maps discovered:
D:1:      onia_arrival_mini_maze, layout_basic
D:2:      layout_loops_ring, uniq_terence, uniq_sigmund, uniq_natasha
D:3:      layout_basic, serial_shops, nicolae_square_shop, shop,
          nicolae_ecumenical_snake_handling, kennysheep_boxes
D:4:      layout_basic, nicolae_overflow_hidden_temple,
          minmay_temple_entry_junction_2, uniq_pikel
D:5:      layout_basic, hangedman_glass_teeth, dk_vineyard_3,
          nicolae_elemental_shop, grunt_ministairs_2
D:6:      layout_basic, uniq_blork_the_orc, uniq_grinder
Temple:   nicolae_temple_x_marks_the_god

Skill      XL: |  1  2  3  4  5  6  7  8  9 |
---------------+----------------------------+-----
Air Magic      | 5 6 8 10 | 10.0
Conjurations   | 2 3 4 7 8 |  8.6
Spellcasting   | 3 4 5 6 |  6.0
Dodging        | 3 4 |  4.2
Fighting       | 1 |  1.2
Stealth        | |  2.0

Action                   |  1- 3 |  4- 6 |  7- 9 || total
-------------------------+-------+-------+-------++-------
Melee: Dagger            |     4 |       |       ||     4
       Short sword       |     9 |    38 |       ||    47
       Kick              |     3 |     7 |     7 ||    17
       Peck              |     2 |     5 |     4 ||    11
       Morningstar       |       |     2 |       ||     2
       Whip              |       |       |    31 ||    31
 Cast: Shock             |    47 |   145 |    59 ||   251
       Airstrike         |       |       |    33 ||    33
  Use: Scroll            |     1 |       |     1 ||     2
       Potion            |     1 |       |       ||     1
Armor: Robe              |       |    10 |     5 ||    15
Dodge: Dodged            |    24 |    69 |    48 ||   141

Table legend: (Time is in decaauts)
 A = Elapsed time spent in this place.
 B = Non-inter-level travel time spent in this place.
 C = Inter-level travel time spent in this place.
 D = Time resting spent in this place.
 E = Time spent auto-exploring this place.
 F = Levels seen in this place.
 G = Mean time per level.
                   A        B        C        D        E       F      G
               +--------+--------+--------+--------+--------+-----+--------+
         Total |   7432 |   7263 |    169 |   1632 |   4397 |   7 | 1061.7 |
       Dungeon |   7391 |   7222 |    169 |   1612 |   4397 |   6 | 1231.8 |
        Temple |     40 |     40 |      0 |     20 |      0 |   1 |   40.0 |
               +--------+--------+--------+--------+--------+-----+--------+

Top non-repeatable levels by time:
     D:5: 1444 daAuts
     D:4: 1418 daAuts
     D:2: 1320 daAuts
     D:1: 1149 daAuts
     D:3: 1113 daAuts
     D:6: 945 daAuts
  Temple: 40 daAuts
